 Dungeon Crawl Stone Soup version 0.19.1-1-g22dce08 (webtiles) character file.

177 theAP the Shield-Bearer (level 5, -1/34 HPs)
             Began as a Gargoyle Fighter on Jan 5, 2017.
             Slain by an orc warrior
             ... wielding a +0 scimitar
              (16 damage)
             ... on level 3 of the Dungeon.
             The game lasted 00:07:36 (1531 turns).

theAP the Shield-Bearer (Gargoyle Fighter)          Turns: 1531, Time: 00:07:36

Health: -1/34      AC: 13    Str: 20    XL:     5   Next: 57%
Magic:  5/5        EV:  5    Int:  9    God:
Gold:   54         SH:  9    Dex:  9    Spells: 0 memorised, 4 levels left

rFire  . . .     SeeInvis .     a - +0 flail
rCold  . . .     Gourm    .     i - +0 chain mail
rNeg   + . .     Faith    .     c - +0 shield
rPois  ∞         Spirit   .     (no helmet)
rElec  +         Reflect  .     (no cloak)
rCorr  .         Harm     .     (no gloves)
MR     .....                    (no boots)
Stlth  ..........               (no amulet)
                                (no ring)
                                (no ring)

@: no status effects
A: negative energy resistance 1, electricity resistance, unbreathing,
petrification resistance, rot immunity, AC +4
a: no special abilities


You were on level 3 of the Dungeon.
You were not hungry.

You visited 1 branch of the dungeon, and saw 3 of its levels.

You collected 54 gold pieces.

Inventory:

Hand Weapons
 a - a +0 flail (weapon)
Armour
 b - a +0 scale mail
 c - a +0 shield (worn)
 i - a +0 chain mail (worn)
Scrolls
 m - a scroll of remove curse {unknown}
 n - 2 scrolls of identify
Potions
 d - a potion of might
 e - a potion of curing
 g - a potion of lignification
 h - a potion of haste {unknown}
 j - 2 potions of heal wounds {unknown}
 p - a potion of cancellation {unknown}
Comestibles
 f - 2 bread rations
 k - 2 beef jerkies
 l - a slice of pizza
 o - 7 chunks of flesh


   Skills:
 + Level 4.4 Fighting
 * Level 3.8 Maces & Flails
 - Level 3.5 Armour
 + Level 4.4 Shields


You had 4 spell levels left.
You didn't know any spells.

Dungeon Overview and Level Annotations

Branches:
Dungeon (3/15)

Altars:
Vehumet


Innate Abilities, Weirdness & Mutations

You are resistant to torment.
Your stone body is resilient. (AC +4)
You are immune to poison.
You resist negative energy. (rN+)
You are resistant to electric shocks. (rElec)
You can survive without breathing.
You are immune to petrification.
You are immune to rotting.


Message History

The orc wizard hits you but does no damage.
The orc barely misses you.
Your chain mail prevents you from hitting the orc wizard.
The orc wizard is moderately wounded.
You block the orc wizard's attack.
The orc warrior hits you with a scimitar!
The orc priest looks encouraged for a moment.
The orc hits you but does no damage.
The orc wizard hits you but does no damage.
Your shield and chain mail prevent you from hitting the orc wizard.
The orc wizard is moderately wounded.
The orc wizard hits you but does no damage.
You block the orc warrior's attack. The orc priest barely misses you.
You block the orc's attack.
The orc wizard hits you but does no damage.
You hit the orc wizard.
The orc wizard is heavily wounded.
You block the orc wizard's attack.
The orc warrior hits you with a scimitar!
You die...

######..######.#
#..............#
#...###..########
.. #..# #.. #..#
..".###..#
.....%...#
##.......#
#)####@o#
......ooo#
##.####o## #.#
#.# #.# #.# #.#


You could see an orc warrior, an orc priest, an orc wizard and 2 orcs.

Vanquished Creatures
  Jessica (D:3)
  5 adders
  3 gnolls (D:3)
  3 oozes
  3 dart slugs
  4 leopard geckos
  2 giant cockroaches
  5 goblins
  6 hobgoblins
  4 jackals (D:1)
  4 kobolds
  A quokka (D:2)
  4 bats
  4 frilled lizards
  8 rats
57 creatures vanquished.

Notes
Turn   | Place    | Note
-------+----------+-------------------------------------------
     0 | D:1      | theAP the Gargoyle Fighter began the quest for the Orb.
     0 | D:1      | Reached XP level 1. HP: 14/14 MP: 1/1
    41 | D:1      | Reached XP level 2. HP: 19/19 MP: 2/2
   215 | D:1      | Reached XP level 3. HP: 23/24 MP: 3/3
   795 | D:2      | Reached XP level 4. HP: 24/29 MP: 4/4
  1118 | D:2      | Found a radiant altar of Vehumet.
  1392 | D:3      | Reached XP level 5. HP: 33/33 MP: 5/5
  1439 | D:3      | Noticed Jessica
  1451 | D:3      | Killed Jessica
  1519 | D:3      | Noticed an orc warrior
  1531 | D:3      | Slain by an orc warrior

Skill      XL: |  1  2  3  4 |
---------------+-------------+-----
Shields        | 4 |  4.4
Fighting       | 4 |  4.4
Maces & Flails | 3 |  3.8
Armour         | |  3.5

Action                   |  1- 3 |  4- 6 || total
-------------------------+-------+-------++-------
Melee: Flail             |   125 |   151 ||   276
  Use: Scroll            |     5 |       ||     5
       Potion            |       |     1 ||     1
  Eat: Chunk             |       |     3 ||     3
Armor: Scale mail        |    64 |       ||    64
       Chain mail        |    10 |   102 ||   112
Dodge: Dodged            |    25 |    46 ||    71
Block: Shield            |    84 |   101 ||   185
